AAA EAST
BUFFALO BISONS @ MEMPHIS REDBIRDS
06/03/2042
 
TOP OF THE 1ST
Buffalo Bisons batting - Pitching for Memphis Redbirds : RHP Leon Worley
Pitching: RHP Leon Worley
Batting: RHB António Ramos 0-0: Ball
1-0: Foul Ball, location: 9LMF
1-1: Ground out 6-3 (Groundball, 6, EV 106.3 MPH)
Batting: RHB Norm Barnes 0-0: Foul Ball, location: 2F
0-1: Ground out 4-3 (Groundball, 4, EV 80.0 MPH)
Batting: RHB Rubén Rivera 0-0: Ball
1-0: Ball
2-0: Swinging Strike
2-1: Swinging Strike
2-2: Foul Ball, location: 2RF
2-2: Foul Ball, location: 2F
2-2: Fly out, F4 (Popup, 3S, EV 81.9 MPH)
Top of the 1st over - 0 runs, 0 hits, 0 errors, 0 left on base; Buffalo 0 - Memphis 0
BOTTOM OF THE 1ST
Memphis Redbirds batting - Pitching for Buffalo Bisons : RHP Ismael González
Pitching: RHP Ismael González
Batting: RHB António Valentín 0-0: Ground out 6-3 (Groundball, 6M, EV 95.0 MPH)
Batting: RHB Augusto Padilla 0-0: Ball
1-0: Swinging Strike
1-1: Ground out 4-3 (Groundball, 4M, EV 100.6 MPH)
Batting: LHB Sandy Briggs 0-0: Ball
1-0: Called Strike
1-1: Called Strike
1-2: Ball
2-2: Foul Ball, location: 2RF
2-2: Ball
3-2: Ground out 3-1 (Groundball, 34S, EV 83.1 MPH)
Bottom of the 1st over - 0 runs, 0 hits, 0 errors, 0 left on base; Buffalo 0 - Memphis 0
TOP OF THE 2ND
Buffalo Bisons batting - Pitching for Memphis Redbirds : RHP Leon Worley
Batting: RHB Steve Thomas 0-0: Called Strike
0-1: Ball
1-1: Foul Ball, location: 2RF
1-2: Strikes out looking
Batting: RHB Ben Heap 0-0: Called Strike
0-1: Called Strike
0-2: Ball
1-2: Ball
2-2: Ground out 6-3 (Groundball, 6MS, EV 83.1 MPH)
Batting: RHB Bob Robinson 0-0: Ball
1-0: Ball
2-0: Ground out 5-3 (Groundball, 56, EV 105.6 MPH)
Top of the 2nd over - 0 runs, 0 hits, 0 errors, 0 left on base; Buffalo 0 - Memphis 0
BOTTOM OF THE 2ND
Memphis Redbirds batting - Pitching for Buffalo Bisons : RHP Ismael González
Batting: RHB Robbie Mayes 0-0: Swinging Strike
0-1: Ball
1-1: Ball
2-1: Ground out 1-3 (Groundball, 15S, EV 68.1 MPH)
Batting: LHB Raúl Soto 0-0: Ball
1-0: Foul Ball, location: 7LSF
1-1: Foul Ball, location: 2F
1-2: Ground out 6-3 (Groundball, 56, EV 104.4 MPH)
Batting: RHB Donnie Fields 0-0: Called Strike
0-1: Ground out 4-3 (Groundball, 4, EV 88.8 MPH)
Bottom of the 2nd over - 0 runs, 0 hits, 0 errors, 0 left on base; Buffalo 0 - Memphis 0
TOP OF THE 3RD
Buffalo Bisons batting - Pitching for Memphis Redbirds : RHP Leon Worley
Batting: RHB Jimmy Newton 0-0: Called Strike
0-1: Foul Ball, location: 5F
0-2: Strikes out swinging
Batting: RHB Pepe Martínez 0-0: Called Strike
0-1: Ball
1-1: Ball
2-1: Called Strike
2-2: Strikes out looking
Batting: RHB Juan Sosa 0-0: Ball
1-0: Called Strike
1-1: Foul Ball, location: 9LSF
1-2: Strikes out looking
Top of the 3rd over - 0 runs, 0 hits, 0 errors, 0 left on base; Buffalo 0 - Memphis 0
BOTTOM OF THE 3RD
Memphis Redbirds batting - Pitching for Buffalo Bisons : RHP Ismael González
Batting: LHB Juan García 0-0: Called Strike
0-1: Ball
1-1: Ball
2-1: Foul Ball, location: 3F
2-2: Ground out 4-3 (Groundball, 13, EV 91.3 MPH)
Batting: SHB Terry Underhill 0-0: Ball
1-0: Foul Ball, location: 2F
1-1: Fly out, F9 (Flyball, 89S, EV 77.5 MPH)
Batting: RHB Raúl Mora 0-0: Ball
1-0: Called Strike
1-1: Foul Ball, location: 5F
1-2: Ground out 6-3 (Groundball, 6, EV 109.4 MPH)
Bottom of the 3rd over - 0 runs, 0 hits, 0 errors, 0 left on base; Buffalo 0 - Memphis 0
TOP OF THE 4TH
Buffalo Bisons batting - Pitching for Memphis Redbirds : RHP Leon Worley
Batting: RHB António Ramos 0-0: Foul Ball, location: 2F
0-1: Fly out, F6 (Popup, 15S, EV 83.1 MPH)
Pitching: RHP Mike Brooks
Batting: RHB Norm Barnes 0-0: Called Strike
0-1: Foul Ball, location: 3F
0-2: Strikes out swinging
Batting: RHB Rubén Rivera 0-0: Fly out, F7 (Flyball, 7S, EV 77.5 MPH)
Top of the 4th over - 0 runs, 0 hits, 0 errors, 0 left on base; Buffalo 0 - Memphis 0
BOTTOM OF THE 4TH
Memphis Redbirds batting - Pitching for Buffalo Bisons : RHP Ismael González
Batting: RHB António Valentín 0-0: Ball
1-0: Ball
2-0: Foul Ball, location: 9LDF
2-1: Ground out 6-3 (Groundball, 6S, EV 71.3 MPH)
Batting: RHB Augusto Padilla 0-0: Foul Ball, location: 9LSF
0-1: Ball
1-1: Foul Ball, location: 2F
1-2: DOUBLE (Groundball, 5L, EV 103.8 MPH)
Batting: LHB Sandy Briggs 0-0: Swinging Strike
0-1: Foul Ball, location: 5FF
0-2: Fly out, F7 (Flyball, 78M, EV 98.8 MPH)
Batting: RHB Robbie Mayes 0-0: Foul Ball, location: 9LDF
0-1: Called Strike
0-2: Ball
1-2: Strikes out swinging
Bottom of the 4th over - 0 runs, 1 hit, 0 errors, 1 left on base; Buffalo 0 - Memphis 0
TOP OF THE 5TH
Buffalo Bisons batting - Pitching for Memphis Redbirds : RHP Mike Brooks
Batting: RHB Steve Thomas 0-0: Called Strike
0-1: Ball
1-1: Ground out 4-3 (Groundball, 4, EV 81.9 MPH)
Batting: RHB Ben Heap 0-0: Fly out, F9 (Flyball, 9, EV 91.9 MPH)
Batting: RHB Bob Robinson 0-0: Ball
1-0: Ball
2-0: Ball
3-0: Called Strike
3-1: Base on Balls
Batting: RHB Jimmy Newton 0-0: Called Strike
Bob Robinson is caught stealing 2nd base 2-4
Top of the 5th over - 0 runs, 0 hits, 0 errors, 0 left on base; Buffalo 0 - Memphis 0
BOTTOM OF THE 5TH
Memphis Redbirds batting - Pitching for Buffalo Bisons : RHP Ismael González
Batting: LHB Raúl Soto 0-0: Swinging Strike
0-1: Ball
1-1: Ball
2-1: Called Strike
2-2: Strikes out swinging
Batting: RHB Donnie Fields 0-0: Ball
1-0: SINGLE (Flyball, 89S, EV 95.6 MPH)
Batting: LHB Juan García 0-0: SINGLE (Line Drive, 7S, EV 100.6 MPH)
Donnie Fields to second
Batting: SHB Terry Underhill 0-0: Ball
1-0: Fly out, F8 (Flyball, 8RD, EV 76.3 MPH)
Batting: RHB Raúl Mora 0-0: Fly out, F2 (Popup, 23F, EV 78.1 MPH)
Bottom of the 5th over - 0 runs, 2 hits, 0 errors, 2 left on base; Buffalo 0 - Memphis 0
TOP OF THE 6TH
Buffalo Bisons batting - Pitching for Memphis Redbirds : RHP Mike Brooks
Pinch Hitting: LHB Jody Grant 0-0: Ball
1-0: Ball
2-0: Called Strike
2-1: Called Strike
2-2: Fly out, F8 (Flyball, 8RD, EV 96.9 MPH)
Batting: RHB Pepe Martínez 0-0: Ball
1-0: Foul Ball, location: 2F
1-1: Ball
2-1: Foul Ball, location: 3F
2-2: Ball
3-2: Fly out, F8 (Flyball, 8RXD, EV 102.5 MPH)
Batting: RHB Juan Sosa 0-0: Ball
1-0: Ball
2-0: Ball
3-0: Called Strike
3-1: Foul Ball, location: 9LMF
3-2: Foul Ball, location: 2F
3-2: Fly out, F6 (Popup, 6M, EV 60.6 MPH)
Top of the 6th over - 0 runs, 0 hits, 0 errors, 0 left on base; Buffalo 0 - Memphis 0
BOTTOM OF THE 6TH
Memphis Redbirds batting - Pitching for Buffalo Bisons : RHP Ismael González
Now at 3B: Steve Thomas
Now in RF: Jody Grant
Batting: RHB António Valentín 0-0: Ball
1-0: Ball
2-0: Ground out 2-3 (Groundball, 2L, EV 71.9 MPH)
Batting: RHB Augusto Padilla 0-0: Ball
1-0: Ball
2-0: Called Strike
2-1: Fly out, F7 (Flyball, 7LM, EV 96.3 MPH)
Batting: LHB Sandy Briggs 0-0: Swinging Strike
0-1: Called Strike
0-2: Foul Ball, location: 2F
0-2: Foul Ball, location: 2F
0-2: Ball
1-2: SOLO HOME RUN (Flyball, 9D, EV 99.4 MPH), Distance : 402 ft
Batting: RHB Robbie Mayes 0-0: SINGLE (Line Drive, 9S, EV 110.6 MPH)
Batting: LHB Raúl Soto 0-0: Called Strike
0-1: Ball
1-1: Ball
2-1: Foul Ball, location: 23FF
2-2: Ball
3-2: Foul Ball, location: 9LMF
3-2: Base on Balls
Robbie Mayes to second
Batting: RHB Donnie Fields 0-0: Ball
1-0: SINGLE (Line Drive, 4MD, EV 106.9 MPH)
Robbie Mayes to third
Raúl Soto to second
Runner from 3rd tries for Home, SAFE, throw by CF to home
Batting: LHB Juan García 0-0: Swinging Strike
0-1: Ball
1-1: Foul Ball, location: 25F
1-2: Ground out 4-3 (Groundball, 4, EV 100.6 MPH)
Bottom of the 6th over - 2 runs, 3 hits, 0 errors, 2 left on base; Buffalo 0 - Memphis 2
TOP OF THE 7TH
Buffalo Bisons batting - Pitching for Memphis Redbirds : RHP Mike Brooks
Batting: RHB António Ramos 0-0: Called Strike
0-1: Called Strike
0-2: Ball
1-2: SINGLE (Groundball, 56D, EV 106.9 MPH)
Batting: RHB Norm Barnes 0-0: Ball
1-0: Called Strike
António Ramos steals 2nd base
1-1: Called Strike
1-2: Fly out, F8 (Line Drive, 8RM, EV 93.1 MPH)
Batting: RHB Rubén Rivera 0-0: Ball
1-0: Foul Ball, location: 2F
1-1: Called Strike
António Ramos steals 3rd base
1-2: Ball
2-2: Ball
3-2: Base on Balls
Pinch Hitting: SHB Jim Harris
Pitching: LHP Dan Liss 0-0: Called Strike
0-1: Swinging Strike
0-2: Foul Ball, location: 2F
0-2: Ball
1-2: Fly out, F8 (Line Drive, 8LM, EV 83.8 MPH)
Runner from 3rd tags up, SCORES, throw by CF
Batting: RHB Ben Heap 0-0: Ball
1-0: Ball
2-0: Called Strike
2-1: Ground out 4-3 (Groundball, 4, EV 108.1 MPH)
Top of the 7th over - 1 run, 1 hit, 0 errors, 1 left on base; Buffalo 1 - Memphis 2
BOTTOM OF THE 7TH
Memphis Redbirds batting - Pitching for Buffalo Bisons : RHP Ismael González
Now at 3B: Xavier Gómez
Batting: SHB Terry Underhill 0-0: Fly out, F8 (Flyball, 8LM, EV 90.0 MPH)
Batting: RHB Raúl Mora 0-0: Called Strike
0-1: Ball
1-1: Ball
2-1: Reached on error, E1 (Groundball, 15, EV 68.8 MPH)
Batting: RHB António Valentín 0-0: Ball
1-0: Ball
2-0: Ball
3-0: Called Strike
3-1: Base on Balls
Raúl Mora to second
Pitching: RHP Stan Patterson
Batting: RHB Augusto Padilla 0-0: Ball
1-0: Ball
2-0: Ball
3-0: Called Strike
3-1: Grounds into double play, 4-6-3 (Groundball, 4, EV 83.1 MPH)
Bottom of the 7th over - 0 runs, 0 hits, 1 error, 1 left on base; Buffalo 1 - Memphis 2
TOP OF THE 8TH
Buffalo Bisons batting - Pitching for Memphis Redbirds : LHP Dan Liss
Batting: RHB Bob Robinson 0-0: Ball
1-0: Fly out, F8 (Flyball, 8LM, EV 80.6 MPH)
Pinch Hitting: RHB Bob Crousse 0-0: Ball
1-0: Fly out, F9 (Flyball, 9, EV 97.5 MPH)
Batting: RHB Pepe Martínez 0-0: Ground out 6-3 (Groundball, 6, EV 92.5 MPH)
Top of the 8th over - 0 runs, 0 hits, 0 errors, 0 left on base; Buffalo 1 - Memphis 2
BOTTOM OF THE 8TH
Memphis Redbirds batting - Pitching for Buffalo Bisons : RHP Stan Patterson
Pitching: LHP Joaquín Alfaro
Now at 3B: José Gonzáles
Now in RF: Xavier Gómez
Pinch Hitting: RHB Tony Vance 0-0: Foul Ball, location: 7LDF
0-1: Called Strike
0-2: Foul Ball, location: 23F
0-2: Ball
1-2: Ball
2-2: Strikes out swinging
Batting: RHB Robbie Mayes 0-0: Called Strike
0-1: Ball
1-1: Foul Ball, location: 25F
1-2: Ball
2-2: Fly out, F9 (Flyball, 9LS, EV 76.9 MPH)
Batting: LHB Raúl Soto 0-0: Ball
1-0: Swinging Strike
1-1: Called Strike
1-2: Strikes out swinging
Bottom of the 8th over - 0 runs, 0 hits, 0 errors, 0 left on base; Buffalo 1 - Memphis 2
TOP OF THE 9TH
Buffalo Bisons batting - Pitching for Memphis Redbirds : LHP Dan Liss
Pitching: RHP Steve MacKinney
Now at 1B: Juan García
Now at SS: Tony Vance
Now in LF: António Valentín
Now in RF: Jared Gyll
Batting: RHB Juan Sosa 0-0: Ball
1-0: Foul Ball, location: 2F
1-1: Ball
2-1: Foul Ball, location: 25F
2-2: Strikes out swinging
Batting: RHB António Ramos 0-0: Ball
1-0: Foul Ball, location: 2F
1-1: Fly out, F9 (Flyball, 89S, EV 80.0 MPH)
Batting: RHB Norm Barnes 0-0: Ball
1-0: Ball
2-0: Swinging Strike
2-1: SINGLE (Line Drive, 7S, EV 109.4 MPH)
Batting: RHB Rubén Rivera 0-0: Ball
1-0: Foul Ball, location: 9LDF
1-1: Ball
2-1: Foul Ball, location: 2F
2-2: Foul Ball, location: 2F
2-2: Strikes out looking
Top of the 9th over - 0 runs, 1 hit, 0 errors, 1 left on base; Buffalo 1 - Memphis 2
Friday, May 3rd , 2024 - OOTP Baseball 24.10 Build 82